 Dungeon Crawl Stone Soup version 0.31-a0-166-g46f44d267d (webtiles) character file.

Game seed: 896737799597552889

868 Morbidden the Conjurer (level 8, 0/45 HPs)
             Began as a Tengu Conjurer on June 14, 2023.
             Was an Initiate of Vehumet.
             Killed from afar by an orc wizard (11 damage)
             ... with a magic dart
             ... on level 6 of the Dungeon.
             The game lasted 00:07:36 (5296 turns).

Morbidden the Conjurer (Tengu Conjurer)             Turns: 5296, Time: 00:07:37

Health: 0/45       AC:  2    Str:  7    XL:     8   Next: 3%
Magic:  14/14      EV: 15    Int: 21    God:    Vehumet [......]
Gold:   302        SH:  5    Dex: 13    Spells: 7/14 levels left

rFire   . . .        b - +0 short sword (drain)
rCold   . . .        (no shield)
rNeg    . . .        e - +0 robe
rPois   .            (helmet restricted)
rElec   .            z - scarf {+Inv}
rCorr   .            (no gloves)
SInv    .            (boots unavailable)
Will    .....        o - amulet of reflection
Stlth   ++           (no ring)
HPRegen 0.27/turn    (no ring)
MPRegen 0.14/turn

%: reflection
@: flying quickly and evasively, quick
A: beak, talons 3, nimble flight
a: Renounce Religion, Evoke Invisibility


You were on level 6 of the Dungeon.
You worshipped Vehumet.
Vehumet was noncommittal.
You visited 2 branches of the dungeon, and saw 7 of its levels.
You also visited: Ossuary.

You collected 382 gold pieces.
You spent 80 gold pieces at shops.

Inventory:

Hand Weapons
 a - a +0 vampiric falchion
 b - a +0 short sword of draining (weapon)
Missiles
 y - 2 throwing nets
Armour
 e - a +0 robe (worn)
 j - a +0 kite shield
 z - a scarf of invisibility (worn)
Jewellery
 l - a ring of fire
 o - an amulet of reflection (around neck)
Wands
 t - a wand of iceblast (10)
 u - a wand of charming (1)
 D - a wand of flame (12)
Scrolls
 c - 3 scrolls of teleportation {unknown}
 d - 7 scrolls of identify {unknown}
 h - a scroll of noise {unknown}
 k - 4 scrolls of immolation {unknown}
 p - 2 scrolls of enchant weapon {unknown}
 q - 4 scrolls of poison {unknown}
 r - a scroll of revelation {unknown}
 v - 2 scrolls of amnesia {unknown}
 w - a scroll of fear {unknown}
 C - a scroll of fog {unknown}
Potions
 f - 4 potions of curing {unknown}
 g - 3 potions of magic
 i - 2 potions of mutation {unknown}
 m - 2 potions of cancellation {unknown}
 n - 3 potions of enlightenment {unknown}
 s - a potion of might {unknown}
 A - a potion of attraction {unknown}
 E - a potion of degeneration {unknown}


   Skills:
 * Level 2.5 Fighting
 + Level 1.8 Short Blades
 * Level 3.0 Armour
 * Level 3.8 Dodging
 + Level 3.6 Stealth
 * Level 2.4 Shields
 * Level 3.9 Spellcasting
 * Level 7.1 Conjurations
 * Level 1.2 Translocations
 + Level 0.1 Evocations


You had 7 spell levels left.
You knew the following spells:

 Your Spells              Type           Power      Damage    Failure   Level
a - Magic Dart            Conj           100%       1d8       1%          1
b - Searing Ray           Conj           68%        2d6       1%          2
z - Iskenderun's Mystic   Conj/Tloc      21%        2d6       22%         4

Your spell library contained the following spells:

 Spells                   Type           Power      Damage    Failure   Level
 Dazzling Flash           Conj/Hex       38%        N/A       9%          3
 Sublimation of Blood     Necr           4%         N/A       19%         2
 Wereblood                Tmut           4%         N/A       19%         2
 Vhi's Electric Charge    Tloc/Air       12%        N/A       28%         3
 Fulminant Prism          Conj/Hex       9%         3d7       28%         4
 Arcjolt                  Conj/Air       9%         1d19      61%         5
 Plasma Beam              Fire/Air       2%         2x1d12    100%        6
 Summon Hydra             Summ           2%         N/A       100%        7


Dungeon Overview and Level Annotations

Branches:
Dungeon (6/15)             Temple (1/1) D:5         Ossuary (visited)

Altars:
Ashenzari
Cheibriados
Dithmenos
Elyvilon
Fedhas
Gozag
Hepliaklqana
Makhleb
Nemelex Xobeh
Okawaru
Qazlal
Sif Muna
Trog
Uskayaw
Vehumet
Wu Jian
Xom
Yredelemnul
Zin
The Shining One

Shops:
D:1 [   D:2 *[   D:5 !

Annotations:
D:5 exclusions: kobold, kobold brigand and 2 kobold demonologists


Innate Abilities, Weirdness & Mutations

You have a beak for a mouth.
You have claws for feet.
Your magical nature lets you fly swiftly and evasively.


Message History

Orders for allies: a - Attack new target. r - Retreat! s - Stop attacking. g - Guard the area. f - Follow me.
Anything else - Cancel.
Gang up on whom?
Press: ? - help, Dir - move target, f - orc warrior
Aim: an orc warrior, wielding a +0 mace and wearing a +0 chain mail Attack!
Your centaur shoots an arrow.
The arrow hits the orc warrior!
Unknown command.
Unknown command.
The orc wizard gestures at you while chanting.
You resist with some effort.
The orc wizard mumbles some strange words.
The orc wizard flickers and vanishes!
Deactivating autopickup; reactivate with Ctrl-A.
Unknown command.
Unknown command.
Unknown command.
Unknown command.
The orc wizard mumbles some strange words.
The orc wizard flickers and vanishes!
Your centaur unwields a +0 shortbow.
Your centaur wields a +0 great sword.
Your centaur closely misses the orc warrior.
Your centaur kicks the orc warrior but does no damage.
Unknown command.
Unknown command.
Unknown command.
Your centaur hits the orc warrior with a +0 great sword!
Your centaur kicks the orc warrior but does no damage.
Unknown command.
Unknown command.
Unknown command.
Your centaur unwields a +0 great sword.
Your centaur wields a +0 shortbow.
Your centaur shoots an arrow.
The arrow hits the orc warrior.
Unknown command.
Unknown command.
Unknown command.
A magic dart appears from out of thin air!
The magic dart hits you!
You die...

...........(..)...
...................
............[..)...
..........?.)......
............c.........#
...........o).........#
..............{.......##
........................
.......@..............##
.......................#
.......................#
....................<..#
#########.#.#..#.#.#.#.#
#.####.#.#.#.#.#
#........#.#.#.#
######........#.#.#.#
#.............#......


You could see an orc warrior (ally target) and a friendly centaur (charmed).

Vanquished Creatures
  Edmund (D:6)
  A sky beast (D:6)
  An ogre (D:5)
  A centaur (D:6)
  A hound (D:5)
  A human zombie (Ossuary)
  3 iguanas (D:5)
  An orc wizard (D:4)
  A hound zombie (Ossuary)
  4 mummies (Ossuary)
  3 adders
  An ufetubus (D:5)
  4 adder zombies (Ossuary)
  5 worms
  3 dart slugs
  11 orcs
  2 bats (D:2)
  7 endoplasms
  3 giant cockroaches
  3 gnoll zombies (Ossuary)
  7 goblins
  5 hobgoblins
  8 jackals
  A quokka (D:1)
  4 ball pythons
  2 frilled lizards
  A jackal zombie (Ossuary)
  8 kobolds
  2 kobold zombies (Ossuary)
  2 rats (D:1)
97 creatures vanquished.

Vanquished Creatures (collateral kills)
  A sky beast (D:6)
  3 orcs (D:6)
4 creatures vanquished.

Grand Total: 101 creatures vanquished

Notes
Turn   | Place    | Note
-------+----------+-------------------------------------------
     0 | D:1      | Morbidden the Tengu Conjurer began the quest for the Orb.
     0 | D:1      | Reached XP level 1. HP: 10/10 MP: 4/4
   160 | D:1      | Reached XP level 2. HP: 15/15 MP: 1/6
   350 | D:1      | Found Ocvergh's Armour Shoppe.
   381 | D:1      | Reached skill level 1 in Armour
   484 | D:1      | Reached XP level 3. HP: 19/19 MP: 3/7
   660 | D:2      | Reached skill level 6 in Conjurations
   819 | D:2      | Found Hurulait's Armour Shoppe.
   922 | D:2      | Found Heling's General Store.
  1257 | D:2      | Reached XP level 4. HP: 24/24 MP: 8/8
  1344 | D:2      | Learned a level 2 spell: Searing Ray
  1349 | D:2      | Learned a level 4 spell: Iskenderun's Mystic Blast
  1983 | D:3      | Reached skill level 1 in Fighting
  2345 | D:4      | Gained mutation: Your magical nature lets you fly swiftly
                  | and evasively. [Tengu growth]
  2345 | D:4      | Reached XP level 5. HP: 20/29 MP: 4/9
  2346 | D:4      | Found a sand-covered staircase.
  2366 | D:4      | Reached skill level 1 in Shields
  2390 | Ossuary  | Entered an ossuary
  2586 | Ossuary  | Reached XP level 6. HP: 27/34 MP: 1/11
  2797 | Ossuary  | Reached skill level 1 in Short Blades
  2991 | D:4      | Found a snail-covered altar of Cheibriados.
  3650 | D:5      | Entered Level 5 of the Dungeon
  3693 | D:5      | Noticed a kobold demonologist
  3693 | D:5      | Noticed a kobold demonologist
  3796 | D:5      | Found Veugiar's Distillery.
  3803 | D:5      | Bought a potion of heal wounds for 50 gold pieces
  3803 | D:5      | Bought a potion of lignification for 30 gold pieces
  3864 | D:5      | Found a staircase to the Ecumenical Temple.
  3881 | Temple   | Entered the Ecumenical Temple
  4196 | Temple   | Became a worshipper of Vehumet
  4327 | D:5      | Reached XP level 7. HP: 40/40 MP: 5/12
  5104 | D:6      | Noticed Edmund
  5122 | D:6      | Killed Edmund
  5123 | D:6      | Reached skill level 7 in Conjurations
  5272 | D:6      | HP: 3/60 [orc/+0 falchion (1)]
  5281 | D:6      | Reached skill level 1 in Translocations
  5283 | D:6      | Reached XP level 8. HP: 12/45 MP: 14/14
  5296 | D:6      | Killed from afar by an orc wizard

Illustrated notes

Levels and vault maps discovered:
D:1:      giann_wishing_wells, layout_basic, serial_shops, shop
D:2:      layout_basic, serial_shops, nicolae_shop_rolling_square,
          nicolae_shop_gibbet_a_chance, minmay_misc_feat_tower
D:3:      layout_basic
D:4:      layout_basic, lemuel_crystal_altar, enter_ossuary_1
D:5:      layout_gridville, minmay_temple_entry_large_hall, serial_shops, shop,
          serial_bayou_lagoon_b
D:6:      cheibrodos_helix_gallery, layout_basic, uniq_edmund
Temple:   mainiacjoe_temple_cubbyholes

Skill      XL: |  1  2  3  4  5  6  7 |
---------------+----------------------+-----
Armour         | 1 2 3 |  3.0
Conjurations   | 6 7 |  7.1
Fighting       | 1 2 |  2.5
Shields        | 1 2 |  2.4
Short Blades   | 1 |  1.8
Dodging        | 3 |  3.8
Stealth        | 3 |  3.6
Spellcasting   | 3 |  3.9
Translocations | 1 |  1.2
Evocations     | |  0.1

Action                     |  1- 3 |  4- 6 |  7- 9 || total
---------------------------+-------+-------+-------++-------
  Melee: Unarmed           |     8 |       |       ||     8
         Kick              |    16 |    18 |     4 ||    38
         Falchion          |     3 |       |       ||     3
         Peck              |     5 |    13 |     3 ||    21
         Short sword       |    32 |    71 |    19 ||   122
         Punch             |     1 |       |       ||     1
   Cast: Magic Dart        |    39 |    55 |     6 ||   100
         Searing Ray       |       |    14 |     5 ||    19
  Evoke: Wand              |       |       |     6 ||     6
    Use: Potion            |       |     1 |     3 ||     4
   Stab: Sleeping          |     5 |     3 |     1 ||     9
 Armour: Robe              |     2 |    12 |     1 ||    15
         Skin              |       |       |    55 ||    55
  Dodge: Dodged            |    20 |    63 |    27 ||   110
  Block: Other             |     2 |    22 |    12 ||    36

Table legend: (Time is in decaauts)
 A = Elapsed time spent in this place.
 B = Non-inter-level travel time spent in this place.
 C = Inter-level travel time spent in this place.
 D = Time resting spent in this place.
 E = Time spent auto-exploring this place.
 F = Levels seen in this place.
 G = Mean time per level.
                   A        B        C        D        E       F      G
               +--------+--------+--------+--------+--------+-----+--------+
         Total |   5090 |   4966 |    124 |    194 |   4010 |   8 |  636.2 |
       Dungeon |   4228 |   4142 |     86 |     79 |   3507 |   6 |  704.7 |
        Temple |    328 |    291 |     37 |      0 |    276 |   1 |  328.0 |
       Ossuary |    533 |    533 |      0 |    115 |    226 |   1 |  533.0 |
               +--------+--------+--------+--------+--------+-----+--------+

Top non-repeatable levels by time:
     D:3: 934 daAuts
     D:5: 845 daAuts
     D:2: 800 daAuts
     D:4: 697 daAuts
     D:1: 598 daAuts
 Ossuary: 533 daAuts
     D:6: 352 daAuts
  Temple: 328 daAuts
